 Dungeon Crawl Stone Soup version 0.28.0-43-g3370ac3207 (webtiles) character file.

Game seed: 1452633608656401050

309 Romesagentofchaos the Chopper (level 6, -2/55 HPs)
             Began as a Hill Orc Monk on Mar 24, 2022.
             Slain by Grinder (6 damage)
             ... on level 3 of the Dungeon.
             The game lasted 00:09:36 (3096 turns).

Romesagentofchaos the Chopper (Hill Orc Monk)       Turns: 3096, Time: 00:09:37

Health: -2/55      AC:  5    Str: 16    XL:     6   Next: 41%
Magic:  6/6        EV: 13    Int: 10    God:
Gold:   79         SH:  0    Dex: 13    Spells: 5/5 levels left

rFire   + . .      SeeInvis .   e - +5 trident
rCold   + . .      Faith    .   (no shield)
rNeg    . . .      Spirit   .   b - +0 robe
rPois   +          Reflect  .   (no helmet)
rElec   +          Harm     .   g - +0 cloak
rCorr   +          Rampage  .   h - +0 pair of gloves
Will    .....                   c - +0 pair of boots
Stlth   ++........              (no amulet)
HPRegen 0.18/turn               (no ring)
MPRegen 0.10/turn               (no ring)

@: resistant, hasted, very quick
A: no striking features
a: no special abilities


You were on level 3 of the Dungeon.
You visited 1 branch of the dungeon, and saw 3 of its levels.

You collected 124 gold pieces.
You spent 45 gold pieces at shops.

Inventory:

Hand Weapons
 a - a +0 hand axe
 e - a +5 trident (weapon)
Armour
 b - a +0 robe (worn)
 c - a +0 pair of boots (worn)
 g - a +0 cloak (worn)
 h - a +0 pair of gloves (worn)


   Skills:
 + Level 4.8 Fighting
 + Level 4.9(5.6) Axes
 + Level 3.3(4.3) Polearms
 + Level 3.6 Dodging
 + Level 2.6 Stealth


You had 5 spell levels left.
You didn't know any spells.
Your spell library contained the following spells:

 Spells                   Type           Power      Damage    Failure   Level
 Freeze                   Ice            0%         1d3       36%         1
 Frozen Ramparts          Ice            0%         1d2       75%         3
 Hailstorm                Conj/Ice       0%         3d3       98%         4
 Dispersal                Tloc           0%         N/A       100%        6
 Disjunction              Tloc           0%         N/A       100%        8


Dungeon Overview and Level Annotations

Branches:
Dungeon (3/15)

Altars:

Shops:
D:2 [

Annotations:
D:3 Grinder


Message History

Pain shoots through your body!
You puncture Grinder!
Grinder is heavily wounded.
Grinder grins, showing sharp teeth.
Grinder hits you but does no damage.
You closely miss Grinder.
Grinder is heavily wounded.
Grinder barely misses you.
You closely miss Grinder.
Grinder is heavily wounded.
Grinder hits you.
You writhe in agony.
* * * LOW HITPOINT WARNING * * *
You closely miss Grinder. Your punch misses Grinder.
Grinder is heavily wounded.
Grinder gestures at you. Pain shoots through your body!
* * * LOW HITPOINT WARNING * * *
Grinder barely misses you.
You feel protected. Grinder closely misses you.
You closely miss Grinder.
Grinder is heavily wounded.
Grinder gestures at you. You resist with significant effort.
You barely miss Grinder.
Grinder is heavily wounded.
Grinder hits you but does no damage.
You puncture Grinder!
Grinder is severely wounded.
Grinder hits you.
* * * LOW HITPOINT WARNING * * *
You writhe in agony.
* * * LOW HITPOINT WARNING * * *
You feel yourself speed up. Grinder barely misses you.
You hit Grinder but do no damage.
Grinder is severely wounded.
Grinder hits you.
* * * LOW HITPOINT WARNING * * *
You writhe in agony.
You die...

#.. ### # .. #.########
.# .##.#......# .#####
.........#.#####.....###
#.............#.#....
#...@5.).............
#.[.....#.##..#.#....
#.......#.))...[..###
##......####..#####
#####.#####..#
#.....)..# ########.#
#.# ##.## #


You could see Grinder.

Vanquished Creatures
  A necrophage (D:3)
  3 wights (D:3)
  An adder (D:3)
  2 worms (D:2)
  4 dart slugs
  5 orcs (D:3)
  10 ball pythons
  3 bats
  5 endoplasms
  2 giant cockroaches (D:1)
  10 goblins
  6 hobgoblins
  7 jackals (D:1)
  A kobold (D:3)
  3 quokkas
  4 frilled lizards
  5 rats
72 creatures vanquished.

Vanquished Creatures (others)
  3 plants (D:3)
  A withered plant (D:1)
4 creatures vanquished.

Grand Total: 76 creatures vanquished

Notes
Turn   | Place    | Note
-------+----------+-------------------------------------------
     0 | D:1      | Romesagentofchaos the Hill Orc Monk began the quest for the
                  | Orb.
     0 | D:1      | Reached XP level 1. HP: 19/19 MP: 1/1
   310 | D:1      | Reached XP level 2. HP: 22/27 MP: 2/2
   799 | D:1      | Reached XP level 3. HP: 24/33 MP: 3/3
   945 | D:1      | Found a faded altar of an unknown god.
  1833 | D:2      | Reached XP level 4. HP: 37/41 MP: 4/4
  2050 | D:2      | Found Omomaucu's Armour Shoppe.
  2053 | D:2      | Bought a +0 cloak for 45 gold pieces
  2353 | D:3      | Reached skill level 1 in Polearms
  2492 | D:3      | Noticed a necrophage
  2499 | D:3      | Killed a necrophage
  2500 | D:3      | Reached XP level 5. HP: 39/47 MP: 5/5
  2986 | D:3      | Reached XP level 6. HP: 21/52 MP: 6/6
  3064 | D:3      | Noticed Grinder
  3066 | D:3      | Paralysed by Grinder for 6 turns
  3079 | D:3      | Paralysed by Grinder for 5 turns
  3096 | D:3      | Slain by Grinder

Illustrated notes

Levels and vault maps discovered:
D:1:      dpeg_arrival_another_circle, layout_loops_ring,
          shapermc_ecumenical_altar_flowoftime
D:2:      cheibrodos_helix_gallery, layout_basic, serial_shops,
          nicolae_shop_statue_plus
D:3:      layout_loops_cross, gammafunk_ghost_cemetery, serial_shops,
          nicolae_shop_overgrown_old_shop, uniq_grinder

Skill      XL: |  1  2  3  4  5  6 |
---------------+-------------------+-----
Fighting       | 4 |  4.8
Stealth        | 2 |  2.6
Polearms       | 2 3 |  3.3
Dodging        | 3 |  3.6
Axes           | |  4.9

Action                   |  1- 3 |  4- 6 || total
-------------------------+-------+-------++-------
Melee: Hand axe          |    67 |       ||    67
       Trident           |    47 |    85 ||   132
       Punch             |     1 |     1 ||     2
  Use: Potion            |     4 |     5 ||     9
       Scroll            |     2 |     1 ||     3
 Stab: Sleeping          |     3 |     3 ||     6
Armor: Robe              |    21 |    15 ||    36
Dodge: Dodged            |    83 |    53 ||   136
